TOP OF THE 1ST |
Manhatten Meatheads batting - Pitching for Minnesota Death Stars : LHP Will Chapman
|
Pitching: LHP Will Chapman
|
|
Batting: SHB Cornell Payne
|
0-0: Called Strike 0-1: Called Strike 0-2: Strikes out swinging
|
Batting: RHB Adrián López
|
0-0: DOUBLE (Flyball, 7LM)
|
Batting: RHB Denver Baker
|
0-0: Called Strike 0-1: Ball 1-1: Ball 2-1: Ball 3-1: SINGLE (Groundball, 3D) Adrián López to third Runner from 3rd tries for Home, SAFE, throw made home
|
Batting: RHB Craig Chapman
|
0-0: Swinging Strike 0-1: Ball 1-1: Foul Ball, location: 2F 1-2: Foul Ball, location: 2F 1-2: Ball 2-2: Foul Ball, location: 2F 2-2: Fielders Choice at 2nd, 6-4 (Groundball, 6D)
|
Batting: LHB Robbie Turner
|
0-0: Called Strike 0-1: Ball 1-1: Ball 2-1: SINGLE (Line Drive, 8LS) Craig Chapman to second
|
Batting: RHB Ramiro Santana
|
0-0: Swinging Strike 0-1: Ball 1-1: Ball 2-1: Foul Ball, location: 2F 2-2: Ball 3-2: SINGLE (Line Drive, 8RS) Craig Chapman to third Robbie Turner to second Craig Chapman scores Robbie Turner to third
|
Batting: LHB Hidalgo García
|
0-0: Called Strike 0-1: Ball 1-1: Ball 2-1: Ball 3-1: Base on Balls Ramiro Santana to second
|
Batting: RHB Ismael Hidalgo
|
0-0: Foul Ball, location: 2F 0-1: Ball 1-1: Ball 2-1: Swinging Strike 2-2: Foul Ball, location: 2F 2-2: Foul Ball, location: 2F 2-2: Foul Ball, location: 2F 2-2: Ball 3-2: SINGLE (Groundball, 34D) Robbie Turner scores Ramiro Santana to third Hidalgo García to second Ramiro Santana scores Hidalgo García to third
|
Batting: SHB António Ramírez
|
0-0: Foul Ball, location: 2F 0-1: Ball 1-1: Foul Ball, location: 2F 1-2: Ball Wild Pitch! Hidalgo García scores Ismael Hidalgo to second 2-2: Strikes out swinging
|
Top of the 1st over - 5 run(s), 5 hit(s), 0 error(s), 1 left on base; Manhatten 5 - Minnesota 0 |
BOTTOM OF THE 1ST |
Minnesota Death Stars batting - Pitching for Manhatten Meatheads : RHP Dean Kell
|
Pitching: RHP Dean Kell
|
|
Batting: SHB Manuel Jiménez
|
0-0: Ball 1-0: Ball 2-0: Foul Ball, location: 2F 2-1: Foul Ball, location: 2F 2-2: Foul Ball, location: 2F 2-2: Ground out 4-3 (Groundball, 4D)
|
Batting: RHB José Chávez
|
0-0: Called Strike 0-1: Hit by Pitch
|
Batting: RHB Raúl Flores
|
0-0: Called Strike 0-1: Ball 1-1: Ball 2-1: Swinging Strike 2-2: Foul Ball, location: 2F 2-2: Strikes out swinging
|
Batting: RHB Kel Weeks
|
0-0: Called Strike 0-1: Ball 1-1: Foul Ball, location: 2F 1-2: Ball 2-2: Fielders Choice at 2nd, 6-4 (Groundball, 6)
|
Bottom of the 1st over - 0 run(s), 0 hit(s), 0 error(s), 0 left on base; Manhatten 5 - Minnesota 0 |
TOP OF THE 2ND |
Manhatten Meatheads batting - Pitching for Minnesota Death Stars : LHP Will Chapman
|
Batting: SHB Cornell Payne
|
0-0: Ball 1-0: Ball 2-0: Swinging Strike 2-1: Swinging Strike 2-2: Ball 3-2: Fly out, F6 (Popup, 6)
|
Batting: RHB Adrián López
|
0-0: Called Strike 0-1: Called Strike 0-2: Ball 1-2: SINGLE (Line Drive, 6MD)
|
Batting: RHB Denver Baker
|
0-0: Ball 1-0: DOUBLE (Line Drive, 89M) Adrián López to third
|
Batting: RHB Craig Chapman
|
0-0: Foul Ball, location: 2F 0-1: Ball 1-1: Foul Ball, location: 2F 1-2: Ball 2-2: SINGLE (Groundball, 56D) Adrián López scores Denver Baker to third Runner from 3rd tries for Home, SAFE, no throw
|
Batting: LHB Robbie Turner
|
0-0: Called Strike 0-1: DOUBLE (Groundball, 5L) Craig Chapman to third Runner from 3rd tries for Home, SAFE, no throw
|
Pitching: LHP Tom Workman
|
|
Batting: RHB Ramiro Santana
|
0-0: Swinging Strike 0-1: Called Strike 0-2: Ball 1-2: Ball 2-2: Strikes out swinging
|
Batting: LHB Hidalgo García
|
0-0: Called Strike 0-1: Foul Ball, location: 2F 0-2: Fly out, F4 (Line Drive, 4)
|
Top of the 2nd over - 3 run(s), 4 hit(s), 0 error(s), 1 left on base; Manhatten 8 - Minnesota 0 |
BOTTOM OF THE 2ND |
Minnesota Death Stars batting - Pitching for Manhatten Meatheads : RHP Dean Kell
|
Batting: LHB Carlos Estrada
|
0-0: Ball 1-0: Ball 2-0: Called Strike 2-1: Ground out 4-3 (Groundball, 4M)
|
Batting: RHB Manuel Cintrón
|
0-0: Called Strike 0-1: Foul Ball, location: 2F 0-2: Ground out 5-3 (Groundball, 5)
|
Batting: RHB Xavier Chávez
|
0-0: Called Strike 0-1: Swinging Strike 0-2: Ground out 5-3 (Groundball, 56)
|
Bottom of the 2nd over - 0 run(s), 0 hit(s), 0 error(s), 0 left on base; Manhatten 8 - Minnesota 0 |
TOP OF THE 3RD |
Manhatten Meatheads batting - Pitching for Minnesota Death Stars : LHP Tom Workman
|
Batting: RHB Ismael Hidalgo
|
0-0: Called Strike 0-1: Ball 1-1: Ball 2-1: Ball 3-1: Base on Balls
|
Batting: SHB António Ramírez
|
0-0: Foul Ball, location: 2F 0-1: Ball 1-1: Foul Ball, location: 2F 1-2: Ball 2-2: Ball 3-2: Foul Ball, location: 2F 3-2: Foul Ball, location: 2F 3-2: Strikes out swinging
|
Batting: SHB Cornell Payne
|
0-0: Ball 1-0: Foul Ball, location: 2F 1-1: Swinging Strike 1-2: Strikes out swinging
|
Batting: RHB Adrián López
|
0-0: Ball 1-0: Called Strike 1-1: Ball 2-1: Ball 3-1: Called Strike 3-2: Foul Ball, location: 2F 3-2: Ground out 3-1 (Groundball, 23)
|
Top of the 3rd over - 0 run(s), 0 hit(s), 0 error(s), 1 left on base; Manhatten 8 - Minnesota 0 |
BOTTOM OF THE 3RD |
Minnesota Death Stars batting - Pitching for Manhatten Meatheads : RHP Dean Kell
|
Batting: RHB José Rosales
|
0-0: Called Strike 0-1: Swinging Strike 0-2: Ball 1-2: Strikes out looking
|
Batting: RHB Sidney Smith
|
0-0: DOUBLE (Line Drive, 78M)
|
Batting: SHB Manuel Jiménez
|
0-0: Swinging Strike 0-1: Called Strike 0-2: Foul Ball, location: 2F 0-2: Ball 1-2: Ball 2-2: Ball 3-2: Strikes out looking
|
Batting: RHB José Chávez
|
0-0: Ball 1-0: Ball 2-0: Ball 3-0: Called Strike 3-1: Called Strike 3-2: Fly out, F2 (Popup, 3S)
|
Bottom of the 3rd over - 0 run(s), 1 hit(s), 0 error(s), 1 left on base; Manhatten 8 - Minnesota 0 |
TOP OF THE 4TH |
Manhatten Meatheads batting - Pitching for Minnesota Death Stars : LHP Tom Workman
|
Batting: RHB Denver Baker
|
0-0: Ball 1-0: SINGLE (Line Drive, 34D)
|
Batting: RHB Craig Chapman
|
0-0: Ball 1-0: Called Strike 1-1: Foul Ball, location: 2F 1-2: Ball 2-2: Ball 3-2: Base on Balls Denver Baker to second
|
Batting: LHB Robbie Turner
|
0-0: Ball 1-0: Ball 2-0: Swinging Strike 2-1: Foul Ball, location: 2F 2-2: Foul Ball, location: 2F 2-2: Foul Ball, location: 2F 2-2: Fly out, F7 (Flyball, 7)
|
Batting: RHB Ramiro Santana
|
0-0: Called Strike 0-1: Ball 1-1: Foul Ball, location: 2F 1-2: Foul Ball, location: 2F 1-2: Fielders Choice at 2nd, 3-6 (Groundball, 3) Denver Baker to third
|
Batting: LHB Hidalgo García
|
0-0: Called Strike 0-1: Swinging Strike 0-2: Ball 1-2: Strikes out swinging
|
Top of the 4th over - 0 run(s), 1 hit(s), 0 error(s), 2 left on base; Manhatten 8 - Minnesota 0 |
BOTTOM OF THE 4TH |
Minnesota Death Stars batting - Pitching for Manhatten Meatheads : RHP Dean Kell
|
Batting: RHB Raúl Flores
|
0-0: Ball 1-0: Ball 2-0: Called Strike 2-1: Foul Ball, location: 2F 2-2: Foul Ball, location: 2F 2-2: Ball 3-2: Foul Ball, location: 2F 3-2: Foul Ball, location: 2F 3-2: Foul Ball, location: 2F 3-2: Strikes out swinging
|
Batting: RHB Kel Weeks
|
0-0: Ball 1-0: Ball 2-0: Ball 3-0: Base on Balls
|
Batting: LHB Carlos Estrada
|
0-0: Ball 1-0: Fly out, F8 (Flyball, 8RM)
|
Batting: RHB Manuel Cintrón
|
0-0: Ball 1-0: Ball 2-0: Ball 3-0: Base on Balls Kel Weeks to second
|
Batting: RHB Xavier Chávez
|
0-0: Ball 1-0: 3-RUN HOME RUN (Flyball, 7LD), Distance : 349 ft
|
Batting: RHB José Rosales
|
0-0: Ground out U3 (Groundball, 34)
|
Bottom of the 4th over - 3 run(s), 1 hit(s), 0 error(s), 0 left on base; Manhatten 8 - Minnesota 3 |
TOP OF THE 5TH |
Manhatten Meatheads batting - Pitching for Minnesota Death Stars : LHP Tom Workman
|
Batting: RHB Ismael Hidalgo
|
0-0: Called Strike 0-1: Ground out U3 (Groundball, 3S)
|
Batting: SHB António Ramírez
|
0-0: Ball 1-0: Called Strike 1-1: Called Strike 1-2: Ball 2-2: Ground out 6-3 (Groundball, 6)
|
Pitching: RHP Pedro Ortíz
|
|
Batting: SHB Cornell Payne
|
0-0: Called Strike 0-1: Ball 1-1: Called Strike 1-2: Ball 2-2: Strikes out swinging
|
Top of the 5th over - 0 run(s), 0 hit(s), 0 error(s), 0 left on base; Manhatten 8 - Minnesota 3 |
BOTTOM OF THE 5TH |
Minnesota Death Stars batting - Pitching for Manhatten Meatheads : RHP Dean Kell
|
Batting: RHB Sidney Smith
|
0-0: Ball 1-0: Ground out 6-3 (Groundball, 6)
|
Batting: SHB Manuel Jiménez
|
0-0: SINGLE (Groundball, 34D)
|
Batting: RHB José Chávez
|
0-0: Ball 1-0: Called Strike 1-1: Ball 2-1: Grounds into double play, 4-6-3 (Groundball, 4)
|
Bottom of the 5th over - 0 run(s), 1 hit(s), 0 error(s), 0 left on base; Manhatten 8 - Minnesota 3 |
TOP OF THE 6TH |
Manhatten Meatheads batting - Pitching for Minnesota Death Stars : RHP Pedro Ortíz
|
Batting: RHB Adrián López
|
0-0: Called Strike 0-1: Ground out 5-3 (Groundball, 6MS)
|
Batting: RHB Denver Baker
|
0-0: Ball 1-0: Called Strike 1-1: Ball 2-1: Ground out 6-3 (Groundball, 6)
|
Pitching: RHP Dani Quintela
|
|
Batting: RHB Craig Chapman
|
0-0: Ball 1-0: Called Strike 1-1: Ball 2-1: Ball 3-1: Fly out, F9 (Flyball, 9S)
|
Top of the 6th over - 0 run(s), 0 hit(s), 0 error(s), 0 left on base; Manhatten 8 - Minnesota 3 |
BOTTOM OF THE 6TH |
Minnesota Death Stars batting - Pitching for Manhatten Meatheads : RHP Dean Kell
|
Batting: RHB Raúl Flores
|
0-0: Ball 1-0: Ground out 4-3 (Groundball, 4)
|
Batting: RHB Kel Weeks
|
0-0: Called Strike 0-1: Foul Ball, location: 2F 0-2: Strikes out swinging
|
Batting: LHB Carlos Estrada
|
0-0: Foul Ball, location: 2F 0-1: Swinging Strike 0-2: Foul Ball, location: 2F 0-2: Foul Ball, location: 2F 0-2: Ball 1-2: Strikes out swinging
|
Bottom of the 6th over - 0 run(s), 0 hit(s), 0 error(s), 0 left on base; Manhatten 8 - Minnesota 3 |
TOP OF THE 7TH |
Manhatten Meatheads batting - Pitching for Minnesota Death Stars : RHP Dani Quintela
|
Batting: LHB Robbie Turner
|
0-0: Called Strike 0-1: Ball 1-1: Ground out 4-3 (Groundball, 34D)
|
Batting: RHB Ramiro Santana
|
0-0: Ball 1-0: Called Strike 1-1: SINGLE (Groundball, 4MD)
|
Pitching: RHP Luis López
|
|
Batting: LHB Hidalgo García
|
0-0: Ball 1-0: Called Strike 1-1: Foul Ball, location: 2F 1-2: Fly out, F7 (Flyball, 78M)
|
Batting: RHB Ismael Hidalgo
|
0-0: Called Strike 0-1: Ball 1-1: Ball 2-1: Swinging Strike 2-2: Ball Ramiro Santana steals 2nd base 3-2: Base on Balls
|
Batting: SHB António Ramírez
|
0-0: Called Strike 0-1: Swinging Strike 0-2: Ball Passed Ball! Ramiro Santana to third Ismael Hidalgo to second 1-2: Ground out 4-3 (Groundball, 4)
|
Top of the 7th over - 0 run(s), 1 hit(s), 0 error(s), 2 left on base; Manhatten 8 - Minnesota 3 |
BOTTOM OF THE 7TH |
Minnesota Death Stars batting - Pitching for Manhatten Meatheads : RHP Dean Kell
|
Pitching: RHP Ángel Antonio
|
|
Batting: RHB Manuel Cintrón
|
0-0: Foul Ball, location: 2F 0-1: Foul Ball, location: 2F 0-2: Ball 1-2: Fly out, F7 (Flyball, 7)
|
Batting: RHB Xavier Chávez
|
0-0: Called Strike 0-1: Ground out 5-3 (Groundball, 56)
|
Batting: RHB José Rosales
|
0-0: Ball 1-0: Swinging Strike 1-1: Called Strike 1-2: Strikes out swinging
|
Bottom of the 7th over - 0 run(s), 0 hit(s), 0 error(s), 0 left on base; Manhatten 8 - Minnesota 3 |
TOP OF THE 8TH |
Manhatten Meatheads batting - Pitching for Minnesota Death Stars : RHP Luis López
|
Batting: SHB Cornell Payne
|
0-0: Ball 1-0: Fly out, F8 (Flyball, 8LM)
|
Pitching: RHP Alfredo Cabral
|
|
Batting: RHB Adrián López
|
0-0: Called Strike 0-1: Swinging Strike 0-2: Ball 1-2: Strikes out swinging
|
Batting: RHB Denver Baker
|
0-0: Foul Ball, location: 2F 0-1: Ball 1-1: Foul Ball, location: 2F 1-2: Foul Ball, location: 2F 1-2: SOLO HOME RUN (Flyball, 78XD), Distance : 419 ft
|
Batting: RHB Craig Chapman
|
0-0: Swinging Strike 0-1: Ground out 6-3 (Groundball, 6M)
|
Top of the 8th over - 1 run(s), 1 hit(s), 0 error(s), 0 left on base; Manhatten 9 - Minnesota 3 |
BOTTOM OF THE 8TH |
Minnesota Death Stars batting - Pitching for Manhatten Meatheads : RHP Ángel Antonio
|
Batting: RHB Sidney Smith
|
0-0: Ball 1-0: Ball 2-0: Ball 3-0: Called Strike 3-1: Foul Ball, location: 2F 3-2: Base on Balls
|
Batting: SHB Manuel Jiménez
|
0-0: DOUBLE (Groundball, 3L) Sidney Smith to third
|
Batting: RHB José Chávez
|
0-0: Ball 1-0: Called Strike 1-1: Called Strike 1-2: Ball 2-2: Foul Ball, location: 2F 2-2: Ball 3-2: Foul Ball, location: 2F 3-2: Base on Balls
|
Batting: RHB Raúl Flores
|
0-0: Called Strike 0-1: Called Strike 0-2: Strikes out swinging
|
Batting: RHB Kel Weeks
|
0-0: Fly out, F5 (Popup, 56S)
|
Batting: LHB Carlos Estrada
|
0-0: Called Strike 0-1: Foul Ball, location: 2F 0-2: Ball 1-2: Fly out, F8 (Flyball, 8RD)
|
Bottom of the 8th over - 0 run(s), 1 hit(s), 0 error(s), 3 left on base; Manhatten 9 - Minnesota 3 |
TOP OF THE 9TH |
Manhatten Meatheads batting - Pitching for Minnesota Death Stars : RHP Alfredo Cabral
|
Batting: LHB Robbie Turner
|
0-0: Ball 1-0: Ball 2-0: Called Strike 2-1: Called Strike 2-2: SINGLE (Groundball, 34D)
|
Batting: RHB Ramiro Santana
|
0-0: Ball 1-0: Foul Ball, location: 2F 1-1: Grounds into double play, 6-4-3 (Groundball, 6M)
|
Batting: LHB Hidalgo García
|
0-0: Ball 1-0: Foul Ball, location: 2F 1-1: Called Strike 1-2: Foul Ball, location: 2F 1-2: Ball 2-2: Foul Ball, location: 2F 2-2: Ball 3-2: Strikes out swinging
|
Top of the 9th over - 0 run(s), 1 hit(s), 0 error(s), 0 left on base; Manhatten 9 - Minnesota 3 |
BOTTOM OF THE 9TH |
Minnesota Death Stars batting - Pitching for Manhatten Meatheads : RHP Ángel Antonio
|
Batting: RHB Manuel Cintrón
|
0-0: Ball 1-0: Swinging Strike 1-1: Ball 2-1: Called Strike 2-2: Strikes out swinging
|
Batting: RHB Xavier Chávez
|
0-0: Ball 1-0: Called Strike 1-1: Called Strike 1-2: Foul Ball, location: 2F 1-2: Foul Ball, location: 2F 1-2: Strikes out swinging
|
Batting: RHB José Rosales
|
0-0: Foul Ball, location: 2F 0-1: Ground out 6-3 (Groundball, 6)
|
Bottom of the 9th over - 0 run(s), 0 hit(s), 0 error(s), 0 left on base; Manhatten 9 - Minnesota 3 |
|